 Dungeon Crawl Stone Soup version 0.30-a0-365-ge7f957f1db (webtiles) character file.

Game seed: 7025557124268125174

467 Manisia the Chopper (level 6, -17/47 HPs)
             Began as a Demonspawn Gladiator on Nov 16, 2022.
             Was an Initiate of Qazlal.
             Demolished by an ogre
             ... wielding a +0 giant spiked club
              (27 damage)
             ... on level 4 of the Dungeon.
             The game lasted 00:04:40 (2628 turns).

Manisia the Chopper (Demonspawn Gladiator)          Turns: 2628, Time: 00:04:40

Health: -17/47     AC:  3    Str: 17    XL:     6   Next: 81%
Magic:  6/6        EV: 13    Int:  9    God:    Qazlal [......]
Gold:   113        SH: 10    Dex: 20    Spells: 5/5 levels left

rFire   . . .      SeeInvis .    a - +0 war axe
rCold   . . .      Faith    .    h - +0 buckler
rNeg    . . .      Spirit   .    b - +0 leather armour
rPois   .          Reflect  +    (helmet restricted)
rElec   .          Harm     .    (no cloak)
rCorr   .          Rampage  .    (no gloves)
Will    .....                    (no boots)
Stlth   +.........               g - amulet of reflection
HPRegen 0.27/turn                l - +6 ring of dexterity
MPRegen 0.20/turn                (no ring)

@: no status effects
A: antennae 1, hooves 1, magic regeneration
a: Renounce Religion


You were on level 4 of the Dungeon.
You worshipped Qazlal.
Qazlal was noncommittal.
You visited 1 branch of the dungeon, and saw 4 of its levels.

You collected 113 gold pieces.

Inventory:

Hand Weapons
 a - a +0 war axe (weapon)
Missiles
 d - 3 throwing nets (quivered)
 e - 7 javelins
 m - 25 stones
 o - 5 poisoned darts
Armour
 b - a +0 leather armour (worn)
 c - a +0 helmet
 h - a +0 buckler (worn)
 y - a +0 chain mail
Jewellery
 g - an amulet of reflection (around neck)
 k - an amulet of faith
 l - a +6 ring of dexterity (left hand)
 q - a ring of positive energy
 v - a ring of ice
Scrolls
 j - a scroll of teleportation
 t - a scroll of butterflies
 z - a scroll of vulnerability
Potions
 f - a potion of invisibility
 i - a potion of mutation {unknown}
 n - a potion of heal wounds {unknown}
 p - a potion of berserk rage {unknown}
 r - 2 potions of degeneration {unknown}
 s - a potion of ambrosia {unknown}
 u - a potion of curing
 w - a potion of lignification {unknown}
 x - a potion of cancellation {unknown}
 A - 2 potions of haste {unknown}


   Skills:
 + Level 3.1 Fighting
 + Level 5.3 Axes
 + Level 1.9 Throwing
 + Level 1.8 Armour
 + Level 3.6 Dodging
 + Level 1.9 Shields


You had 5 spell levels left.
You didn't know any spells.
Your spell library was empty.

Dungeon Overview and Level Annotations

Branches:
Dungeon (4/15)             Temple (0/1) D:4

Altars:
Makhleb
Qazlal
Xom

Shops:
D:1 *   D:2 (

Annotations:
D:3 2 transporters, baller8008's ghost, novice HuTm
D:4 1 runed translucent door


Innate Abilities, Weirdness & Mutations

You have a pair of small antennae on your head.
You have large cloven feet.
You regenerate magic rapidly.


Message History

The ball python bites you. The ball python grabs you.
The ball python constricts you.
The jelly quivers.
You slash the ball python!
You kill the ball python!
Qazlal accepts your kill.
Found a stone staircase leading down.
You slash the jelly!
Your hands burn!
You kick the jelly.
The jelly is severely wounded.
The jelly barely misses you.
You slash the jelly!
You kill the jelly!
Qazlal accepts your kill.
No target in view!
HP restored.
Found a stone staircase leading down.
An ogre comes into view. It is wielding a +0 giant spiked club.
An ogre is nearby!
The helpless ogre fails to defend itself.
You hit the ogre but do no damage. You block the ogre's attack.
You barely miss the ogre. You block the ogre's attack.
You hit the ogre.
The ogre is moderately wounded.
You block the ogre's attack.
You hit the ogre. You kick the ogre, but do no damage.
The ogre is moderately wounded.
The ogre hits you with a +0 giant spiked club!!
Ouch! That really hurt!
You are too injured to fight recklessly!
You are too injured to fight recklessly!
You feel better.
You slash the ogre! Your kick misses the ogre.
The ogre is severely wounded.
The ogre hits you with a +0 giant spiked club!
* * * LOW HITPOINT WARNING * * *
You barely miss the ogre.
The ogre is severely wounded.
The ogre hits you with a +0 giant spiked club!!
Ouch! That really hurt!
You die...

#......................###
#..........######........##
#..........# #......#...
#..........# ######.####
.>..###.###### #.###. .
#...### #..... ###...####
{#..... ######....# .$
##.... ........@..#
...#..... #####.##.O.#
+###..... #. ##.....
.......... #
................
...###.......... ....
.......... ..##. #........
... .# ##...##†# #.......


You could see an ogre.

Vanquished Creatures
  An ogre (D:4)
  A necrophage (D:4)
  A scorpion (D:4)
  2 orc priests (D:3)
  2 jellies (D:4)
  Jessica (D:2)
  5 adders
  5 dart slugs
  4 orcs
  6 endoplasms
  A giant cockroach (D:2)
  5 goblins
  4 hobgoblins
  3 jackals (D:3)
  3 quokkas
  6 ball pythons
  5 bats
  3 frilled lizards
  3 kobolds
  5 rats
66 creatures vanquished.

Notes
Turn   | Place    | Note
-------+----------+-------------------------------------------
     0 | D:1      | Manisia the Demonspawn Gladiator began the quest for the
                  | Orb.
     0 | D:1      | Reached XP level 1. HP: 16/16 MP: 1/1
   186 | D:1      | Found Seofump's Assorted Antiques.
   216 | D:1      | Reached skill level 3 in Axes
   218 | D:1      | Discovered your monstrous ancestry.
   218 | D:1      | Gained mutation: You have large cloven feet. [demonic
                  | ancestry]
   218 | D:1      | Reached XP level 2. HP: 13/22 MP: 2/2
   912 | D:2      | Reached XP level 3. HP: 26/27 MP: 3/3
  1123 | D:2      | Gained mutation: You have a pair of small antennae on your
                  | head. [demonic ancestry]
  1123 | D:2      | Reached XP level 4. HP: 34/34 MP: 4/4
  1143 | D:2      | Noticed Jessica
  1145 | D:2      | Killed Jessica
  1314 | D:2      | Found a shimmering altar of Xom.
  1336 | D:2      | Found Xenkafao's Weapon Shop.
  1431 | D:3      | Found a transporter.
  1433 | D:3      | Noticed baller8008's ghost (novice HuTm)
  1500 | D:3      | Found a stormy altar of Qazlal.
  1500 | D:3      | Found a burning altar of Makhleb.
  1534 | D:3      | Found a transporter.
  1596 | D:3      | Reached skill level 4 in Axes
  1596 | D:3      | Reached skill level 1 in Armour
  1597 | D:3      | Gained mutation: You regenerate magic rapidly. [demonic
                  | ancestry]
  1597 | D:3      | Reached XP level 5. HP: 39/39 MP: 5/5
  1808 | D:3      | Reached skill level 1 in Shields
  2140 | D:3      | Became a worshipper of Qazlal Stormbringer
  2185 | D:4      | Noticed an ogre
  2297 | D:4      | Killed an ogre
  2298 | D:4      | Reached XP level 6. HP: 46/46 MP: 6/6
  2332 | D:4      | Found a runed translucent gate.
  2352 | D:4      | Found a staircase to the Ecumenical Temple.
  2365 | D:4      | Reached skill level 5 in Axes
  2628 | D:4      | Demolished by an ogre

Illustrated notes

Levels and vault maps discovered:
D:1:      dpeg_arrival_round_a, layout_basic, serial_shops,
          nicolae_shop_window_shopping, minmay_tall_x
D:2:      layout_basic, serial_shops, shop, basic_altar, uniq_jessica
D:3:      layout_loops_ring, gammafunk_temple_overflow_pools,
          gammafunk_ghost_mausoleum
D:4:      layout_rooms, minmay_temple_entry_overgrown,
          gammafunk_ghost_necromancy, kennysheep_generic_room_6

Skill      XL: |  1  2  3  4  5  6 |
---------------+-------------------+-----
Axes           | 3 4 5 |  5.3
Dodging        | 3 |  3.6
Armour         | 1 |  1.8
Shields        | 1 |  1.9
Fighting       | 3 |  3.1
Throwing       | |  1.9

Action                   |  1- 3 |  4- 6 || total
-------------------------+-------+-------++-------
Melee: War axe           |    52 |    74 ||   126
       Kick              |     5 |    17 ||    22
  Use: Scroll            |     2 |     8 ||    10
       Potion            |       |     2 ||     2
 Stab: Distracted        |     2 |       ||     2
       Sleeping          |     1 |     2 ||     3
Armor: Leather armour    |     9 |     6 ||    15
Dodge: Dodged            |    43 |    38 ||    81
Block: Other             |     6 |       ||     6
       Buckler           |    15 |    39 ||    54
       Reflection        |       |     1 ||     1

Table legend: (Time is in decaauts)
 A = Elapsed time spent in this place.
 B = Non-inter-level travel time spent in this place.
 C = Inter-level travel time spent in this place.
 D = Time resting spent in this place.
 E = Time spent auto-exploring this place.
 F = Levels seen in this place.
 G = Mean time per level.
                   A        B        C        D        E       F      G
               +--------+--------+--------+--------+--------+-----+--------+
         Total |   2669 |   2476 |    193 |    233 |   1773 |   4 |  667.2 |
       Dungeon |   2669 |   2476 |    193 |    233 |   1773 |   4 |  667.2 |
               +--------+--------+--------+--------+--------+-----+--------+

Top non-repeatable levels by time:
     D:3: 949 daAuts
     D:1: 801 daAuts
     D:2: 646 daAuts
     D:4: 271 daAuts
